 Dungeon Crawl Stone Soup version 0.22.0-16-gc6d26f6 (webtiles) character file.

245 Loudmushroom the Chopper (level 5, -2/47 HPs)
             Began as a Minotaur Fighter on Aug 17, 2018.
             Killed from afar by an orc wizard (9 damage)
             ... with a puff of frost
             ... on level 3 of the Dungeon.
             The game lasted 00:10:23 (2712 turns).

Loudmushroom the Chopper (Minotaur Fighter)         Turns: 2712, Time: 00:10:24

Health: -2/47      AC: 10    Str: 21    XL:     5   Next: 83%
Magic:  4/4        EV:  5    Int:  5    God:
Gold:   261        SH:  9    Dex: 10    Spells: 4/4 levels left

rFire    . . .     SeeInvis .   a - +0 war axe
rCold    . . .     Gourm    .   c - +0 shield
rNeg     . . .     Faith    .   u - +0 chain mail
rPois    .         Spirit   .   (helmet restricted)
rElec    .         Reflect  .   v - +0 cloak
rCorr    .         Harm     .   (no gloves)
MR       .....                  (no boots)
Stlth    ..........             (no amulet)
HPRegen  0.15/turn              (no ring)
MPRegen  0.09/turn              (no ring)

@: lethally poisoned (-2 -> -26)
A: retaliatory headbutt, horns 2
a: no special abilities


You were on level 3 of the Dungeon.
You were not hungry.

You visited 1 branch of the dungeon, and saw 3 of its levels.

You collected 261 gold pieces.

Inventory:

Hand Weapons
 a - a +0 war axe (weapon)
 b - a +0 hunting sling
 h - a cursed -1 hand axe
Missiles
 e - 24 bolts
 g - 67 stones
 i - 5 steel tomahawks (quivered)
 p - 21 arrows
 q - 11 tomahawks
 x - 14 sling bullets
Armour
 c - a +0 shield (worn)
 u - a +0 chain mail (worn)
 v - a +0 cloak (worn)
Jewellery
 o - an uncursed ring of protection from cold {unknown}
Scrolls
 j - 2 scrolls of enchant armour {unknown}
 m - 2 scrolls of fear {unknown}
 n - a scroll of identify {unknown}
 r - 2 scrolls of teleportation {unknown}
Potions
 d - a potion of might
 k - 2 potions of berserk rage {unknown}
 l - 2 potions of magic {unknown}
 s - a potion of lignification {unknown}
 t - 2 potions of heal wounds {unknown}
 z - a potion of flight {unknown}
Comestibles
 f - 3 rations
 w - 3 chunks of flesh


   Skills:
 + Level 4.8 Fighting
 * Level 5.0 Axes
 + Level 4.8 Armour
 + Level 4.7 Shields


You had 4 spell levels left.
You didn't know any spells.
Your spell library was empty.

Dungeon Overview and Level Annotations

Branches:
Dungeon (3/15)

Altars:


Innate Abilities, Weirdness & Mutations

You reflexively headbutt those who attack you in melee.
You have a pair of horns on your head.


Message History

You hear some strange, mumbled words.
A puff of flame appears from out of thin air!
The puff of flame hits you!
* * * LOW HITPOINT WARNING * * *
You feel less confused.
* * * LOW HITPOINT WARNING * * *
You feel sick. The orc wizard barely misses you.
The orc throws a stone.
The stone hits you but does no damage.
The orc wizard hits you but does no damage.
You are more poisoned.
Something hits you but does no damage.
You see here a stone.
You barely miss the orc wizard. Your headbutt misses the orc wizard.
The orc wizard is almost dead.
You closely miss something.
* * * LOW HITPOINT WARNING * * *
You feel very sick. The orc wizard casts a spell at you.
The puff of frost hits you!
You die...

#. #.###### ##..%...# #
'......# ##' #......# #
#... #......# # #....
#o.)...# #
#.....#{oo...# ######
#.....@(##### #...##
#######ยง##########.#.##
#(........##.....
#########.####.## #.#
#.# #.####.#
#####......#
............#
###.####..###


You could see 2 orc wizards and an orc.

Vanquished Creatures
  A hound (D:2)
  Crazy Yiuf (D:2)
  Natasha (thrice) (D:2)
  5 adders
  2 worms (D:2)
  A dart slug (D:3)
  2 leopard geckos
  An orc (D:3)
  4 ball pythons
  5 bats
  4 giant cockroaches
  6 goblins
  8 jackals
  2 quokkas
  4 frilled lizards
  4 kobolds
  9 rats
62 creatures vanquished.

Notes
Turn   | Place    | Note
-------+----------+-------------------------------------------
     0 | D:1      | Loudmushroom the Minotaur Fighter began the quest for the Orb.
     0 | D:1      | Reached XP level 1. HP: 19/19 MP: 0/0
   395 | D:1      | Reached XP level 2. HP: 27/27 MP: 1/1
   435 | D:1      | Reached skill level 3 in Axes
   966 | D:2      | Reached XP level 3. HP: 33/33 MP: 2/2
  1208 | D:2      | Reached XP level 4. HP: 40/40 MP: 3/3
  1320 | D:2      | Noticed Natasha
  1327 | D:2      | Killed Natasha
  1327 | D:2      | Reached skill level 4 in Axes
  1509 | D:2      | Found a runed door.
  1612 | D:2      | Noticed Natasha
  1619 | D:2      | Killed Natasha
  1619 | D:2      | Reached XP level 5. HP: 40/47 MP: 4/4
  2169 | D:2      | Noticed Natasha
  2180 | D:2      | Killed Natasha
  2390 | D:2      | Noticed Crazy Yiuf
  2398 | D:2      | Killed Crazy Yiuf
  2595 | D:3      | Reached skill level 5 in Axes
  2712 | D:3      | Killed from afar by an orc wizard

Skill      XL: |  1  2  3  4  5 |
---------------+----------------+-----
Axes           | 3 4 5 |  5.0
Fighting       | 4 |  4.8
Armour         | 4 |  4.8
Shields        | 4 |  4.7

Action                   |  1- 3 |  4- 6 || total
-------------------------+-------+-------++-------
Melee: War axe           |    66 |    95 ||   161
       Headbutt          |    12 |    16 ||    28
Throw: Tomahawk          |     3 |       ||     3
  Eat: Chunk             |     1 |     3 ||     4
       Ration            |       |     1 ||     1
Armor: Scale mail        |    33 |       ||    33
       Chain mail        |       |    67 ||    67
Dodge: Dodged            |    22 |    28 ||    50
Block: Shield            |    45 |    58 ||   103
